 Dungeon Crawl Stone Soup version 0.21-a0-1-gaf3b9a5 (webtiles) character file.

459 anfisbena the Skirmisher (level 7, 0/66 HPs)
             Began as a Hill Orc Fighter on May 20, 2017.
             Killed from afar by Sigmund (4 damage)
             ... with a puff of flame
             ... on level 4 of the Dungeon.
             The game lasted 00:04:28 (2715 turns).

anfisbena the Skirmisher (Hill Orc Fighter)         Turns: 2715, Time: 00:04:29

Health: 0/66       AC:  8    Str: 19    XL:     7   Next: 6%
Magic:  7/7        EV:  7    Int:  8    God:
Gold:   110        SH:  0    Dex: 12    Spells: 6/6 levels left

rFire    . . .     SeeInvis .   i - +2 hand axe (drain)
rCold    . . .     Gourm    .   c - +0 shield
rNeg     . . .     Faith    .   b - +0 scale mail
rPois    .         Spirit   .   (no helmet)
rElec    .         Reflect  .   r - +0 cloak (curse)
rCorr    .         Harm     .   (no gloves)
MR       .....                  (no boots)
Stlth    ..........             e - amulet of rage
Regen    0.3/turn               (no ring)
MPRegen  0.1/turn               (no ring)

@: confused
A: no striking features
a: Convert to Beogh, Evoke Berserk Rage


You were on level 4 of the Dungeon.
You were not hungry.

You visited 1 branch of the dungeon, and saw 4 of its levels.

You collected 110 gold pieces.

Inventory:

Hand Weapons
 a - a +0 war axe
 i - a +2 hand axe of draining (weapon)
Armour
 b - a +0 scale mail (worn)
 c - a +0 shield (worn)
 r - a cursed +0 cloak (worn)
Jewellery
 e - an amulet of rage (around neck)
Wands
 q - a wand of paralysis (11/24)
 s - a wand of digging (7/24)
Scrolls
 d - 4 scrolls of remove curse {unknown}
 g - a scroll of fog {unknown}
 j - 2 scrolls of identify {unknown}
 k - a scroll of random uselessness {unknown}
 p - a scroll of immolation {unknown}
Comestibles
 f - 4 bread rations
 h - a royal jelly
 l - a meat ration


   Skills:
 + Level 7.2 Fighting
 + Level 6.8 Axes
 - Level 3.2 Armour
 - Level 3.2 Shields


You had 6 spell levels left.
You didn't know any spells.

Dungeon Overview and Level Annotations

Branches:
Dungeon (4/15)
 Temple: D:4-7

Altars:
Gozag
Sif Muna
Vehumet
Wu Jian

Shops:
D:3 *   D:4 (

Annotations:
D:4 Sigmund


Message History

You are confused.
The orc priest hits you but does no damage.
The iguana bites you.
* * * LOW HITPOINT WARNING * * *
The ogre barely misses you.
The orc priest calls down the wrath of Beogh upon you.
Pain shoots through your body!
* * * LOW HITPOINT WARNING * * *
The iguana bites you but does no damage.
The ogre barely misses you.
Found Saucs's Weapon Emporium.
You aren't carrying any potions.
You miss the orc priest.
The orc priest is almost dead.
You barely miss the ogre. You hit the iguana. You drain the iguana!
You hit the ogre. You drain the ogre!
You hear some strange, mumbled words.
A puff of flame appears from out of thin air!
The puff of flame hits you!
You die...

### ...####
#...... #
#.....# ∩#
#.....###..#
###.......#..#.#
................
##....#.O.#.#
##.....l@o...#
#....<.O..####
##........#
##?......#
#.<......#
...#>.)#..#
....#........
?.........#.#..
##.###.####.#..


You could see 2 ogres, an iguana and an orc priest.

Vanquished Creatures
  Blork the orc (D:4)
  A wyvern skeleton (D:3)
  Crazy Yiuf (D:2)
  3 orc wizards (D:3)
  Natasha (thrice) (D:2)
  5 adders
  2 worms
  A dart slug (D:3)
  A leopard gecko (D:1)
  20 orcs
  2 bats
  3 giant cockroaches
  8 goblins
  5 hobgoblins
  5 jackals (D:1)
  A quokka (D:4)
  A ball python (D:3)
  6 frilled lizards
  5 kobolds
  7 rats
81 creatures vanquished.

Notes
Turn   | Place    | Note
-------+----------+-------------------------------------------
     0 | D:1      | anfisbena the Hill Orc Fighter began the quest for the Orb.
     0 | D:1      | Reached XP level 1. HP: 19/19 MP: 1/1
   200 | D:1      | Reached skill level 4 in Fighting
   200 | D:1      | Reached XP level 2. HP: 27/27 MP: 2/2
   699 | D:2      | Reached XP level 3. HP: 33/33 MP: 3/3
  1022 | D:2      | Found a deep blue altar of Sif Muna.
  1030 | D:2      | Noticed Natasha
  1040 | D:2      | Killed Natasha
  1040 | D:2      | Reached XP level 4. HP: 25/41 MP: 4/4
  1052 | D:2      | Noticed Natasha
  1065 | D:2      | Killed Natasha
  1065 | D:2      | Reached skill level 5 in Fighting
  1104 | D:2      | Noticed Natasha
  1113 | D:2      | Killed Natasha
  1113 | D:2      | Reached XP level 5. HP: 11/48 MP: 5/5
  1441 | D:2      | Reached skill level 5 in Axes
  1499 | D:2      | Found a radiant altar of Vehumet.
  1499 | D:2      | Found an ornate altar of the Wu Jian Council.
  1566 | D:2      | Found a runed door.
  1570 | D:2      | Noticed Crazy Yiuf
  1577 | D:2      | Killed Crazy Yiuf
  1826 | D:3      | Reached skill level 6 in Fighting
  1829 | D:3      | Reached XP level 6. HP: 19/57 MP: 6/6
  2240 | D:3      | Found an opulent altar of Gozag.
  2348 | D:3      | Found Gozag's Platinum Reserve.
  2699 | D:4      | Noticed Sigmund
  2699 | D:4      | Noticed Blork the orc
  2706 | D:4      | Reached skill level 7 in Fighting
  2710 | D:4      | Killed Blork the orc
  2710 | D:4      | Reached XP level 7. HP: 43/66 MP: 7/7
  2714 | D:4      | Found Saucs's Weapon Emporium.
  2715 | D:4      | Killed from afar by Sigmund

Vault maps used:
D:1:      elethiomel_arrival_maze
D:2:      lemuel_round_altar, gammafunk_temple_overflow_statue, serial_glass,
          glass_columns_b, glass_columns_a, uniq_natasha,
          uniq_crazy_yiuf_cottage
D:3:      first_bread, nicolae_gozag_zags_fifth_avenue
D:4:      serial_shops, shop, uniq_sigmund, uniq_blork_the_orc

Skill      XL: |  1  2  3  4  5  6 |
---------------+-------------------+-----
Axes           | 3 4 5 6 |  6.8
Fighting       | 4 5 6 7 |  7.2
Armour         | |  3.2
Shields        | |  3.2

Action                   |  1- 3 |  4- 6 |  7- 9 || total
-------------------------+-------+-------+-------++-------
Melee: War axe           |    90 |    45 |       ||   135
       Unarmed           |       |     9 |       ||     9
       Hand axe          |       |    74 |     4 ||    78
  Use: Potion            |       |     6 |       ||     6
  Eat: Chunk             |     1 |     5 |       ||     6
Armor: Scale mail        |    41 |    51 |     5 ||    97
       Skin              |       |     8 |       ||     8
Dodge: Dodged            |    25 |    31 |     5 ||    61
Block: Shield            |    41 |    54 |     2 ||    97
